 Dungeon Crawl Stone Soup version 0.27-a0-1301-g128193abf8 (webtiles) character file.

Game seed: 6401488281202293313

75 pokeman the Magician (level 4, -2/25 HPs)
             Began as a Deep Elf Hedge Wizard on June 17, 2021.
             Killed from afar by an orc wizard (7 damage)
             ... with a puff of flame
             ... on level 4 of the Dungeon.
             The game lasted 00:04:44 (3230 turns).

pokeman the Magician (Deep Elf Hedge Wizard)        Turns: 3230, Time: 00:04:45

Health: -2/25      AC:  4    Str:  7    XL:     4   Next: 11%
Magic:  1/13       EV: 12    Int: 20    God:
Gold:   118        SH:  0    Dex: 14    Spells: 3/14 levels left

rFire    . . .     SeeInvis .   a - staff of cold
rCold    + . .     Faith    .   (no shield)
rNeg     . . .     Spirit   .   j - +0 leather armour
rPois    .         Reflect  .   c - +0 hat
rElec    .         Harm     .   (no cloak)
rCorr    .         Rampage  .   q - +0 pair of gloves
Will     .....                  (no boots)
Stlth    ++........             (no amulet)
HPRegen  0.08/turn              (no ring)
MPRegen  0.13/turn              (no ring)

@: no status effects
A: no striking features
a: no special abilities


You were on level 4 of the Dungeon.
You visited 1 branch of the dungeon, and saw 4 of its levels.

You collected 118 gold pieces.

Inventory:

Missiles
 d - 39 arrows
Armour
 c - a +0 hat (worn)
 j - a +0 leather armour (worn)
 n - a +0 kite shield
 q - a +0 pair of gloves (worn)
Magical Staves
 a - a staff of cold (weapon)
Scrolls
 b - a scroll of summoning {unknown}
 f - 2 scrolls of holy word {unknown}
 g - a scroll of amnesia {unknown}
 h - 3 scrolls of identify {unknown}
 i - 3 scrolls of teleportation {unknown}
 k - a scroll of blinking {unknown}
 o - 2 scrolls of fog {unknown}
 p - a scroll of silence {unknown}
Potions
 e - a potion of lignification {unknown}
 l - a potion of flight {unknown}
 m - a potion of attraction {unknown}


   Skills:
 - Level 1.0 Fighting
 - Level 1.0 Armour
 + Level 2.5 Dodging
 - Level 2.4 Stealth
 + Level 0.2 Shields
 * Level 5.5 Spellcasting
 + Level 2.1 Conjurations
 - Level 1.1 Summonings
 - Level 1.1 Translocations


You had 3 spell levels left.
You knew the following spells:

 Your Spells              Type           Power      Damage    Failure   Level
a - Magic Dart            Conj           56%        1d5       7%          1
b - Mephitic Cloud        Conj/Pois/Air  8%         N/A       34%         3
c - Call Imp              Summ           9%         N/A       16%         2
d - Blink                 Tloc           N/A        N/A       16%         2
e - Conjure Flame         Conj/Fire      9%         6-21      30%         3

Your spell library contained the following spells:

 Spells                   Type           Power      Damage    Failure   Level
 Summon Small Mammal      Summ           36%        N/A       11%         1
 Slow                     Hex            5%         N/A       24%         2
 Call Canine Familiar     Summ           9%         N/A       30%         3
 Summon Guardian Golem    Hex/Summ       7%         N/A       36%         3
 Summon Ice Beast         Ice/Summ       11%        N/A       77%         4
 Summon Lightning Spire   Summ/Air       7%         N/A       77%         4


Dungeon Overview and Level Annotations

Branches:
Dungeon (4/15)
 Temple: D:4-7

Altars:

Annotations:
D:4 Natasha, Sigmund


Message History

Your crimson imp hits something.
Something hits your crimson imp.
The orc wizard closely misses Natasha.
Your crimson imp blinks!
The orc wizard gestures wildly while chanting.
The orc wizard flickers and vanishes!
You are confused.
You're too confused to cast spells.
Unknown command.
Natasha barely misses you. Natasha claws you but does no damage.
Something hits you.
You miss something. Natasha misses you. Something hits you.
* * * LOW HITPOINT WARNING * * *
Natasha closely misses you.
An adder comes into view.
You feel less confused.
The adder hisses angrily.
You hear some strange, mumbled words.
A puff of flame appears from out of thin air!
The puff of flame misses you.
Sigmund the Dreaded comes into view.
He is wielding a +2 scythe of flaming.
Sigmund shouts!
Natasha stares at you and mumbles some strange words.
You resist with some effort.
Natasha mumbles some strange words.
The white imp gestures at you. The puff of frost misses you.
Natasha casts a spell at you. The magic dart hits you.
* * * LOW HITPOINT WARNING * * *
Casting: Call Imp (safe; 16% risk of failure)
Confirm with . or Enter, or press ? or * to list all spells.
The spell is extremely dangerous to cast (34% risk of failure)!
Continue anyway?
Aiming: Mephitic Cloud (extremely dangerous; 34% risk of failure)
Press: ? - help, Shift-Dir - straight line The ball explodes into a vile cloud!
The stinking cloud engulfs something but does no damage.
You hear some strange, mumbled words.
A puff of flame appears from out of thin air!
The puff of flame hits you!
You die...

##...#### ..#
##...........
..S...####..##
..........@..
##..........# #..#..###..#
##..#..###..#
............########.##.
...........###{.@.......
##.....o...5h☼☼☼.........#
.......###.###○########..#
##.....# #.# #.# #..#
.......###.###.. ###..#
##............... ....
#....####.###.... #..#
##....####.# #.#### #..#
...........###.###
#..###..#


You could see Natasha and a white imp (summoned).

Vanquished Creatures
  A howler monkey skeleton (D:4)
  2 adders
  A worm (D:2)
  An orc (D:3)
  3 giant cockroaches
  5 hobgoblins
  7 jackals
  6 kobolds
  A quokka (D:3)
  4 ball pythons
  3 bats (D:1)
  A frilled lizard (D:1)
  3 goblins
  A rat (D:2)
39 creatures vanquished.

Notes
Turn   | Place    | Note
-------+----------+-------------------------------------------
     0 | D:1      | pokeman the Deep Elf Hedge Wizard began the quest for the
                  | Orb.
     0 | D:1      | Reached XP level 1. HP: 10/10 MP: 7/7
   404 | D:1      | Found a faded altar of an unknown god.
   621 | D:1      | Reached XP level 2. HP: 15/15 MP: 6/9
  1496 | D:2      | Reached skill level 5 in Spellcasting
  1678 | D:2      | Reached XP level 3. HP: 20/20 MP: 8/11
  1682 | D:2      | Learned a level 3 spell: Mephitic Cloud
  1685 | D:2      | Learned a level 2 spell: Call Imp
  1688 | D:2      | Learned a level 2 spell: Blink
  1692 | D:2      | Learned a level 3 spell: Conjure Flame
  2342 | D:3      | Reached skill level 1 in Armour
  2461 | D:3      | Reached skill level 1 in Fighting
  2987 | D:4      | Reached XP level 4. HP: 21/25 MP: 1/13
  3181 | D:4      | Noticed Natasha
  3222 | D:4      | Noticed Sigmund
  3230 | D:4      | Killed from afar by an orc wizard

Illustrated notes

Levels and vault maps discovered:
D:1:      dpeg_arrival_radiant, layout_basic,
          hellmonk_ecumenical_altar_pennies_from_heaven
D:2:      layout_basic
D:3:      layout_rooms
D:4:      layout_basic, kennysheep_mini_moat, minmay_temple_entry_antechambers,
          st_stairs_7, uniq_sigmund, uniq_natasha

Skill      XL: |  1  2  3 |
---------------+----------+-----
Spellcasting   | 5 |  5.5
Armour         | 1 |  1.0
Fighting       | 1 |  1.0
Conjurations   | 2 |  2.1
Dodging        | |  2.5
Stealth        | |  2.4
Shields        | |  0.2
Summonings     | |  1.1
Translocations | |  1.1

Action                   |  1- 3 |  4- 6 || total
-------------------------+-------+-------++-------
Melee: Staff             |       |     4 ||     4
 Cast: Magic Dart        |   123 |     5 ||   128
       Mephitic Cloud    |       |     2 ||     2
       Call Imp          |       |     2 ||     2
 Stab: Confused          |       |     1 ||     1
Armor: Leather armour    |     6 |     2 ||     8
       Robe              |     1 |       ||     1
Dodge: Dodged            |    29 |     7 ||    36

Table legend: (Time is in decaauts)
 A = Elapsed time spent in this place.
 B = Non-inter-level travel time spent in this place.
 C = Inter-level travel time spent in this place.
 D = Time resting spent in this place.
 E = Time spent auto-exploring this place.
 F = Levels seen in this place.
 G = Mean time per level.
                   A        B        C        D        E       F      G
               +--------+--------+--------+--------+--------+-----+--------+
         Total |   3228 |   3142 |     86 |      0 |   2815 |   4 |  807.0 |
       Dungeon |   3228 |   3142 |     86 |      0 |   2815 |   4 |  807.0 |
               +--------+--------+--------+--------+--------+-----+--------+

Top non-repeatable levels by time:
     D:1: 1169 daAuts
     D:2: 1070 daAuts
     D:3: 722 daAuts
     D:4: 266 daAuts
